 Dungeon Crawl Stone Soup version 0.31-a0-1570-g93c622d222 (webtiles) character file.

Game seed: 3762514725556819220

308 Laraso the Slasher (level 6, -6/27 (30) HPs)
             Began as a Vine Stalker Reaver on Jan 4, 2024.
             Mangled by an iguana (11 damage)
             ... on level 4 of the Dungeon.
             The game lasted 00:03:56 (2710 turns).

Laraso the Slasher (Vine Stalker Reaver)            Turns: 2710, Time: 00:03:57

HP:   -6/27 (30)    AC:  5    Str: 14    XL:     6   Next: 40%
MP:   0/10          EV: 10    Int: 15    God:
Gold: 122           SH:  0    Dex: 13    Spells: 6/9 levels left

rFire   . . .        a - +0 rapier
rCold   . . .        (no shield)
rNeg    . . .        f - +0 ring mail
rPois   .            (no helmet)
rElec   .            (no cloak)
rCorr   .            (no gloves)
SInv    .            (no boots)
Will    +....        (no amulet)
Stlth   +            g - ring of willpower
HPRegen 1.04/turn    (no ring)
MPRegen 0.12/turn

%: guardian spirit
@: heavily drained
A: fangs 2, regeneration 1, magic shield, antimagic bite, no potion heal 2
a: no special abilities


You were on level 4 of the Dungeon.
You visited 1 branch of the dungeon, and saw 4 of its levels.

You collected 218 gold pieces.
You spent 96 gold pieces at shops.

Inventory:

Hand Weapons
 a - a +0 rapier (weapon)
Armour
 f - a +0 ring mail (worn)
Jewellery
 g - a ring of willpower (left hand)
Potions
 b - a potion of invisibility {unknown}
 d - a potion of haste
 e - a potion of attraction


   Skills:
 - Level 1.7 Fighting
 - Level 3.7(4.9) Short Blades
 * Level 4.9(5.5) Long Blades
 - Level 1.5 Dodging
 - Level 2.1 Spellcasting
 - Level 3.0 Conjurations


You had 6 spell levels left.
You knew the following spells:

 Your Spells              Type           Power      Damage    Failure   Level
a - Kiss of Death         Conj/Necr      24%        2d7       24%         1
b - Jinxbite              Hex            2%         N/A       56%         2

Your spell library contained the following spells:

 Spells                   Type           Power      Damage    Failure   Level
 Momentum Strike          Conj/Tloc      12%        3d8       36%         2
 Apportation              Tloc           2%         N/A       41%         1
 Freeze                   Ice            4%         1d3       41%         1
 Lesser Beckoning         Tloc           2%         N/A       56%         2
 Mercury Vapours          Alch/Air       2%         N/A       56%         2
 Hailstorm                Conj/Ice       6%         3d5       58%         3
 Mephitic Cloud           Conj/Alch/Air  4%         N/A       65%         3
 Frozen Ramparts          Ice            2%         1d1       80%         3
 Fugue of the Fallen      Necr           1%         N/A       80%         3
 Gell's Gravitas          Tloc           1%         N/A       80%         3
 Ozocubu's Armour         Ice            1%         N/A       80%         3
 Teleport Other           Tloc           1%         N/A       80%         3
 Manifold Assault         Tloc           1%         N/A       99%         4
 Alistair's Intoxication  Alch           0%         N/A       100%        5
 Freezing Cloud           Conj/Ice/Air   2%         6-21      100%        5


Dungeon Overview and Level Annotations

Branches:
Dungeon (4/15)
 Temple: D:4-7

Altars:

Shops:
D:2 (


Innate Abilities, Weirdness & Mutations

You have extremely sharp teeth.
Your natural rate of healing is unusually fast.
When hurt, damage is shared between your health and your magic reserves.
Your bite disrupts and absorbs the magic of your enemies.
Potions cannot restore your health.


Message History

You hit the hobgoblin. You bite the hobgoblin.
You kill the hobgoblin!
No target in view!
No target in view!
HP restored.
Magic restored.
You see here a hobgoblin corpse.
You now have 122 gold pieces (gained 14).
An iguana comes into view.
The iguana hisses angrily.
An iguana is nearby!
An iguana is nearby!
An iguana is nearby!
An iguana is nearby!
The iguana bites you.
You hit the iguana. You bite the iguana, but do no damage.
The iguana is moderately wounded.
The iguana bites you.
You hit the iguana. Your bite misses the iguana.
The iguana is moderately wounded.
The iguana misses you.
You barely miss the iguana.
The iguana is moderately wounded.
The iguana bites you!
You barely miss the iguana. Your bite misses the iguana.
The iguana is moderately wounded.
The iguana bites you but does no damage.
You hit the iguana but do no damage. You bite the iguana, but do no damage.
The iguana is moderately wounded.
The iguana bites you.
You hit the iguana. You bite the iguana, but do no damage.
The iguana is moderately wounded.
The iguana bites you!
* * * LOW HITPOINT WARNING * * *
Unknown command.
Okay, then.
You hit the iguana. Your bite misses the iguana.
The iguana is heavily wounded.
The iguana bites you!
You die...

.#. . ....####.
#.. ......... ..
........#####.#
........##.l..#
........#.@#
..........######
#...............
#......#########
#......#
##......#
#####.......#
............#
......##.####


You could see an iguana.

Vanquished Creatures
  Sigmund (D:3)
  An ogre (D:3)
  2 adders (D:3)
  2 ribbon worms (D:3)
  A dart slug (D:1)
  An orc (D:3)
  6 ball pythons
  2 endoplasms
  A goblin (D:2)
  4 hobgoblins
  3 jackals (D:1)
  4 quokkas
  7 bats
  4 frilled lizards
  7 kobolds
  A rat (D:2)
47 creatures vanquished.

Notes
Turn   | Place    | Note
-------+----------+-------------------------------------------
     0 | D:1      | Laraso the Vine Stalker Reaver began the quest for the Orb.
     0 | D:1      | Reached XP level 1. HP: 11/11 MP: 4/4
   268 | D:1      | Reached XP level 2. HP: 15/15 MP: 6/6
   474 | D:1      | Learned a level 2 spell: Jinxbite
   899 | D:2      | Found Killug's Antique Weapon Boutique.
   981 | D:2      | Reached XP level 3. HP: 16/18 MP: 5/7
  1190 | D:2      | Found a faded altar of an unknown god.
  1397 | D:3      | Noticed Sigmund
  1533 | D:3      | Killed Sigmund
  1534 | D:3      | Reached skill level 3 in Long Blades
  1534 | D:3      | Reached XP level 4. HP: 23/23 MP: 8/8
  1534 | D:3      | Reached XP level 5. HP: 26/26 MP: 9/9
  1550 | D:3      | Noticed an ogre
  1567 | D:3      | Killed an ogre
  1568 | D:3      | Reached skill level 4 in Long Blades
  1568 | D:3      | Reached XP level 6. HP: 10/30 MP: 10/10
  2565 | D:2      | Bought a rapier for 96 gold pieces
  2710 | D:4      | Mangled by an iguana

Illustrated notes

Levels and vault maps discovered:
D:1:      sevenhm_arrival_forest_fort_large_4, layout_loops_cross,
          chequers_hall_statues_corner_a
D:2:      layout_basic, serial_shops, shop, basic_ecumenical_altar
D:3:      layout_loops_corners, uniq_sigmund
D:4:      layout_rooms, temple_hall, gammafunk_ghost_split, grunt_ministairs_12,
          uniq_blork_the_orc

Skill      XL: |  1  2  3  4  5 |
---------------+----------------+-----
Short Blades   | 3 |  3.7
Long Blades    | 3 4 |  4.9
Fighting       | |  1.7
Dodging        | |  1.5
Spellcasting   | |  2.1
Conjurations   | |  3.0

Action                     |  1- 3 |  4- 6 || total
---------------------------+-------+-------++-------
  Melee: Short sword       |   129 |    84 ||   213
         Bite              |    27 |    30 ||    57
         Punch             |     2 |       ||     2
         Rapier            |       |     9 ||     9
   Cast: Kiss of Death     |       |     1 ||     1
    Use: Scroll            |     2 |     2 ||     4
         Potion            |       |     1 ||     1
 Armour: Leather armour    |    62 |     5 ||    67
         Ring mail         |       |    37 ||    37
  Dodge: Dodged            |    78 |    32 ||   110

Table legend: (Time is in decaauts)
 A = Elapsed time spent in this place.
 B = Non-inter-level travel time spent in this place.
 C = Inter-level travel time spent in this place.
 D = Time resting spent in this place.
 E = Time spent auto-exploring this place.
 F = Levels seen in this place.
 G = Mean time per level.
                   A        B        C        D        E       F      G
               +--------+--------+--------+--------+--------+-----+--------+
         Total |   2666 |   2430 |    236 |    112 |   1908 |   4 |  666.5 |
       Dungeon |   2666 |   2430 |    236 |    112 |   1908 |   4 |  666.5 |
               +--------+--------+--------+--------+--------+-----+--------+

Top non-repeatable levels by time:
     D:3: 1088 daAuts
     D:1: 876 daAuts
     D:2: 659 daAuts
     D:4: 42 daAuts
